 Dungeon Crawl Stone Soup version 0.28.0-47-ge53b351184 (webtiles) character file.

Game seed: 15853368897997527332

57 Cak3Hol3 the Skirmisher (level 3, 0/31 HPs)
             Began as a Palentonga Abyssal Knight on May 4, 2022.
             Was a Believer of Lugonu.
             Slain by Crazy Yiuf
             ... wielding a +3 quarterstaff of chaos
              (1 damage)
             ... on level 2 of the Dungeon.
             The game lasted 00:06:13 (2778 turns).

Cak3Hol3 the Skirmisher (Palentonga Abyssal Knight) Turns: 2778, Time: 00:06:14

Health: 0/31       AC:  7    Str: 18    XL:     3   Next: 73%
Magic:  3/4        EV:  5    Int: 10    God:    Lugonu [**....]
Gold:   82         SH:  0    Dex: 10    Spells: 2/2 levels left

rFire   . . .      SeeInvis +   k - +1 war axe (elec)
rCold   . . .      Faith    .   (no shield)
rNeg    . . .      Spirit   .   j - +0 chain mail
rPois   .          Reflect  .   (no helmet)
rElec   .          Harm     .   (no cloak)
rCorr   .          Rampage  .   (no gloves)
Will    .....                   (no barding)
Stlth   ..........              (no amulet)
HPRegen 0.10/turn               (no ring)
MPRegen 0.09/turn               (no ring)

@: brilliant, lethally poisoned (0 -> -2)
A: large, rugged brown scales 3, see invisible, deformed body, roll 1, armoured
tail
a: Rolling Charge, Renounce Religion, Depart the Abyss, Bend Space


You were on level 2 of the Dungeon.
You worshipped Lugonu.
Lugonu was pleased with you.
You visited 1 branch of the dungeon, and saw 3 of its levels.
You visited the Abyss 1 time.

You collected 82 gold pieces.

Inventory:

Hand Weapons
 a - a +1 hand axe
 c - a +0 short sword
 f - a +0 short sword
 g - a +0 trident
 k - a +1 war axe of electrocution (weapon)
Missiles
 d - 27 stones
Armour
 b - a +0 leather armour
 j - a +0 chain mail (worn)
 l - a scarf of harm
 n - a +0 chain mail
Jewellery
 p - a ring of protection from fire
Scrolls
 m - a scroll of fear {unknown}
 o - a scroll of teleportation {unknown}
 r - a scroll of enchant weapon {unknown}
Potions
 e - a potion of lignification {unknown}
 h - a potion of curing {unknown}
 i - a potion of heal wounds {unknown}


   Skills:
 + Level 3.6 Fighting
 * Level 2.7 Axes
 + Level 2.2 Armour
 + Level 0.8 Dodging
 + Level 2.3 Invocations


You had 2 spell levels left.
You didn't know any spells.
Your spell library was empty.

Dungeon Overview and Level Annotations

Branches:
Dungeon (3/15)

Altars:

Annotations:
D:2 Crazy Yiuf


Innate Abilities, Weirdness & Mutations

You are completely covered in rugged brown scales. (AC +3, +7% HP)
You have supernaturally acute eyesight. (SInv)
Armour fits poorly on your strangely shaped body.
You can roll at nearby foes to attack.
You have a long armoured tail.


Message History

Lugonu accepts your kill.
No target in view!
No target in view!
You now have 82 gold pieces (gained 12).
p - a ring of protection from fire No target in view!
No target in view!
q - a white potion
There is an open gate here.
You see here a +0 dagger.
r - a scroll labelled ZIOJUK ZOSCHUP
There is a stone staircase leading down here.
Crazy Yiuf shouts!
You open the door. You hit Crazy Yiuf.
Your tail-slap misses Crazy Yiuf.
Crazy Yiuf is moderately wounded.
Crazy Yiuf says, "Buddy illywillydillykilly sing!"
Crazy Yiuf hits you with a +3 quarterstaff of chaos!
You are poisoned.
You hit Crazy Yiuf.
Crazy Yiuf is moderately wounded.
You feel very sick.
Crazy Yiuf glowers.
Crazy Yiuf hits you with a +3 quarterstaff of chaos.
Crazy Yiuf freezes you.
You slash Crazy Yiuf!
Crazy Yiuf is severely wounded.
You feel sick.
Crazy Yiuf hits you with a +3 quarterstaff of chaos.
* * * LOW HITPOINT WARNING * * *
Crazy Yiuf yells, "Two rumpyflump sing-song!"
Crazy Yiuf hits you with a +3 quarterstaff of chaos.
* * * LOW HITPOINT WARNING * * *
You feel your power leaking away.
It was a potion of brilliance.
You feel clever all of a sudden.
* * * LOW HITPOINT WARNING * * *
You feel sick.
Crazy Yiuf hits you with a +3 quarterstaff of chaos.
You die...

.........# #.#
########.# #.# #.#
#.# #.# #.# #.#
#.## #.# #..# # #.#
### ♣♣#####.# #
##.# #)..#♣♣
♣♣P)#.##.# # #..#
#...g@♣♣♣♣......#.#
# #..#
#...#♣..♣.........#
# #..# ###
♣♣♣.♣...####.# #
#### ♣♣♣♣♣## #.# #
#.# # #############
#.# ##
#...........# #.#
.#######
#.......###)# #.#
.......# ###...###
#.# #.#


You could see Crazy Yiuf.

Vanquished Creatures
  An adder (D:3)
  2 dart slugs
  6 bats
  8 endoplasms
  A goblin (D:2)
  A hobgoblin (D:2)
  A quokka (D:1)
  5 ball pythons (D:1)
  4 frilled lizards
  7 kobolds
  7 rats
43 creatures vanquished.

Vanquished Creatures (others)
  A plant (D:3)
1 creature vanquished.

Grand Total: 44 creatures vanquished

Notes
Turn   | Place    | Note
-------+----------+-------------------------------------------
     0 | Abyss:1  | Cak3Hol3 the Palentonga Abyssal Knight began the quest for
                  | the Orb.
     0 | Abyss:1  | Reached XP level 1. HP: 19/19 MP: 2/2
    19 | D:1      | Escaped the Abyss
   177 | D:1      | Reached XP level 2. HP: 7/25 MP: 3/3
   757 | D:1      | Found a faded altar of an unknown god.
   964 | D:1      | Reached ** piety under Lugonu
  1134 | D:1      | Reached XP level 3. HP: 31/31 MP: 4/4
  1902 | D:2      | Found a runed translucent door.
  1903 | D:2      | Noticed Crazy Yiuf
  2778 | D:2      | HP: 1/31 [poisoned by Crazy Yiuf]
  2778 | D:2      | Slain by Crazy Yiuf

Illustrated notes

Levels and vault maps discovered:
D:1:      wheals_arrival_shading, layout_loops_ring,
          chequers_ecumenical_altar_island, minmay_misc_feat_secret_circle
D:2:      layout_loops_ring, kennysheep_cluttered_room, uniq_crazy_yiuf_cottage
D:3:      layout_basic, tso_oasis_becter, uniq_robin

Skill      XL: |  1  2  3 |
---------------+----------+-----
Armour         | 2 |  2.2
Fighting       | |  3.6
Axes           | |  2.7
Dodging        | |  0.8
Invocations    | |  2.3

Action                   || total
-------------------------++-------
Melee: Hand axe          ||    82
       Tailslap          ||     3
       War axe           ||    22
Invok: Bend Space        ||     1
  Use: Potion            ||     1
 Stab: Sleeping          ||     1
Armor: Leather armour    ||    30
       Chain mail        ||    10
Dodge: Dodged            ||    57
